 Dungeon Crawl Stone Soup version 0.32-a0-630-g46d191b0ed (webtiles) character file.

Game seed: 2543568876866357358

6378 Shayle the Prestidigitator (level 10, -4/59 (64) HPs)
             Began as a Coglin Alchemist on Mar 6, 2024.
             Was a Believer of Ashenzari.
             Killed from afar by a laughing skull (22 damage)
             ... with a bolt of negative energy
             ... in a Gauntlet.
             The game lasted 00:34:51 (10439 turns).

Shayle the Prestidigitator (Coglin Alchemist)      Turns: 10439, Time: 00:34:52

HP:   -4/59 (64)    AC:  6    Str: 11    XL:     10   Next: 97%
MP:   6/14          EV: 15    Int: 17    God:    Ashenzari [**....]
Gold: 615           SH:  0    Dex: 14    Spells: 7/15 levels left

rFire   . . .        n - +2 demon trident (elec) {Juhanna}
rCold   . . .        g - staff of Ashenzari's Scepticism (curse) {Conj, Raimund, Cun, Sorc} (curse)
rNeg    . . .        a - +0 robe
rPois   .            m - +0 helmet "Esoteric Vision" {Elem, Self} (curse)
rElec   .            u - +2 cloak "Ruined Discomfort" {Elem, Cun} (curse)
rCorr   .            (no gloves)
SInv    +            (no boots)
Will    .....        (amulet unavailable)
Stlth   +++          (ring unavailable)
HPRegen 0.29/turn    (ring unavailable)
MPRegen 0.14/turn    (no gizmo)

%: no teleportation
@: drained
A: off-hand wielding, slow wielding, warmup strikes, no jewellery
a: Invent Gizmo, Renounce Religion, Shatter the Chains


You were in a Gauntlet.
You worshipped Ashenzari.
Ashenzari was pleased with you.
You visited 3 branches of the dungeon, and saw 12 of its levels.
You also visited: Gauntlet.

You collected 693 gold pieces.
You spent 78 gold pieces at shops.

Inventory:

Hand Weapons
 c - a +4 trident
 d - a +0 hand axe {Kenji}
 e - a +0 dagger {Xiuying}
 n - a +2 demon trident of electrocution (weapon) {Juhanna}
Missiles
 r - 4 atropa-tipped darts
Armour
 a - a +0 robe (worn)
 m - the cursed +0 helmet "Esoteric Vision" (worn) {Elem, Self}
   (You took it off Robin on level 2 of the Dungeon)

   It has a curse which improves the following skills: Elements: Fire Magic, Ice
   Magic, Air Magic and Earth Magic.
   Introspection: Fighting and Spellcasting.
 u - the cursed +2 cloak "Ruined Discomfort" (worn) {Elem, Cun}
   (You found it on level 4 of the Dungeon)

   It has a curse which improves the following skills: Elements: Fire Magic, Ice
   Magic, Air Magic and Earth Magic.
   Cunning:   Dodging and Stealth.
 x - a +8 chain mail of ponderousness
 G - a +0 helmet of see invisible
Magical Staves
 g - the cursed staff of Ashenzari's Scepticism (offhand) {Conj, Raimund, Cun, Sorc}
   (You found it on level 1 of the Dungeon)

   [staff of conjuration]

   Base accuracy: +5 Base damage: 5 Base attack delay: 1.2 This weapon's minimum
   attack delay (0.6) is reached at skill level 12.
   Conj:      It increases the power of your Conjurations spells.
   It falls into the 'Staves' category.
   It is a one-graspered weapon.
   It has a curse which improves the following skills: Cunning: Dodging and
   Stealth.
   Sorcery:   Conjurations and Alchemy.
Wands
 v - a wand of flame (3)
 B - a wand of paralysis (12)
 F - a wand of roots (8)
Scrolls
 h - 4 scrolls of teleportation
 i - a scroll of silence
 k - 4 scrolls of immolation
 l - a scroll of brand weapon
 o - 4 scrolls of fog
 p - a scroll of vulnerability
 q - a scroll of poison
 t - 2 scrolls of amnesia
 y - a scroll of revelation
 E - a scroll of enchant weapon
Potions
 b - 3 potions of magic
 f - a potion of curing
 j - 4 potions of attraction
 s - a potion of lignification
 w - 3 potions of haste
 z - 3 potions of degeneration
 A - a potion of brilliance
 C - 2 potions of resistance
 D - a potion of cancellation


   Skills:
 + Level 0.2(0.5) Fighting
 + Level 4.1(5.6) Polearms
 + Level 6.0(6.6) Staves
 + Level 6.5(8.2) Dodging
 - Level 4.4(6.0) Stealth
 + Level 2.1(3.1) Spellcasting
 + Level 6.2(7.4) Conjurations
 + Level 2.8(4.3) Fire Magic
 + Level 6.1(7.3) Alchemy
 + Level 8.7 Evocations


You had 7 spell levels left.
You knew the following spells:

 Your Spells              Type           Power      Damage    Failure   Level
a - Sting                 Conj/Alch      100%       1d9       1%          1
b - Mephitic Cloud        Conj/Alch/Air  29%        N/A       7%          3
c - Sticky Flame          Fire/Alch      22%        2d6       16%         4

Your spell library contained the following spells:

 Spells                   Type           Power      Damage    Failure   Level
 Magic Dart               Conj           100%       1d8       1%          1
 Searing Ray              Conj           82%        2d7       1%          2
 Mercury Vapours          Alch/Air       30%        N/A       5%          2
 Fulminant Prism          Conj/Alch      20%        3d12      9%          4
 Olgreb's Toxic Radiance  Alch           27%        N/A       9%          4
 Necrotise                Necr           8%         1d4       17%         1
 Vampiric Draining        Necr           2%         2d6       45%         3
 Martyr's Knell           Necr/Summ      2%         N/A       86%         4
 Curse of Agony           Necr           2%         N/A       99%         5


Dungeon Overview and Level Annotations

Branches:
Dungeon (10/15)            Temple (1/1) D:6            Lair (1/5) D:9
Gauntlet (1/1)
    Orc: D:9-12

Altars:
Ashenzari
Cheibriados
Dithmenos
Elyvilon
Fedhas
Gozag
Hepliaklqana
Kikubaaqudgha
Makhleb
Nemelex Xobeh
Okawaru
Qazlal
Ru
Sif Muna
Trog
Uskayaw
Vehumet
Wu Jian
Xom
Yredelemnul
Zin
The Shining One

Shops:
D:4 *

Annotations:
Gauntlet 9 transporters, 2 runed translucent doors, exclusions: ice statue and oklob plant


Innate Abilities, Weirdness & Mutations

You can wield a second weapon in your off-hand.
It takes a long time for you to wield or remove held weapons.
Your first few attacks do less damage.
You cannot equip rings or amulets.


Message History

Aim: a laughing skull (about 66% to evade your +2 demon trident of electrocution)
You reach to attack!
You puncture the laughing skull with your +2 demon trident of electrocution!
The laughing skull gibbers with scorn.
The bolt of negative energy hits the laughing skull.
The laughing skull completely resists.
The bolt of negative energy hits you!
You feel drained. The laughing skull headbutts you.
Unknown command.
Casting: Mephitic Cloud (dangerous; 7% risk of failure)
Confirm with . or Enter, or press ? or * to list all spells.
Aiming: Sticky Flame (dangerous; 16% risk of failure)
Press: ? - help, Shift-Dir - straight line, f/p - laughing skull
Aim: a laughing skull (moderately damaged)
The sticky flame hits the laughing skull but does no damage.
The laughing skull is moderately damaged.
The laughing skull burns!
The laughing skull headbutts you!
Unknown command.
The laughing skull burns!
The laughing skull shakes off the sticky flame as it moves.
The laughing skull headbutts you!
Unknown command.
You feel better. The laughing skull misses you.
Unknown command.
Casting: Sticky Flame (dangerous; 16% risk of failure)
Confirm with . or Enter, or press ? or * to list all spells.
Aiming: Sticky Flame (dangerous; 16% risk of failure)
Press: ? - help, Shift-Dir - straight line, f/p - laughing skull
Aim: a laughing skull (heavily damaged)
The sticky flame hits the laughing skull.
The laughing skull resists.
The laughing skull is heavily damaged.
The laughing skull headbutts you! The laughing skull closely misses you.
The laughing skull shakes off the sticky flame as it moves.
The laughing skull attacks as it pursues you!
The laughing skull headbutts you.
* * * LOW HITPOINT WARNING * * *
The laughing skull lets out a vicious peal of laugher.
The bolt of negative energy hits you!!
You feel drained.
You die...
The laughing skull crumbles to pieces from sheer joy.

#########.#########.##
...#©.........©#....≈##
.⌠.#.⌠.⌠.⌠.⌠.⌠.#.⌠..≈≈#
...#©.........©#....≈##
###################.##
#P!.©!..#.#(.#z#!.#.≈##
#.#####.#.#.#.#.#.#.≈≈#
#.#≈≈≈#.#.#.#.#.#.#.≈##
#.#.©.#D#.#..#©#@.#.##
#.+...+.#.#.#z#z#.#.≈##
#.#####.#.#.#.#.#.#.≈≈#
#.......#.#z.#.#..#.≈##
#########.#########.##
...#©.........©#....≈##
.⌠.#.⌠.⌠.⌠.⌠.⌠.#.⌠..≈≈#
...#©.........©#....≈##
###################.##


You could see 3 laughing skulls.

Vanquished Creatures
  A two-headed ogre (D:9)
  A black mamba (Lair:1)
  Maggie (D:6)
  Jeremiah (D:7)
  A shadow (D:9)
  2 wyverns (D:7)
  A wraith (D:9)
  5 yaks
  An acid dragon (D:9)
  3 water moccasins
  A sky beast (D:6)
  An orc warrior (D:9)
  A black bear (D:7)
  2 hornet zombies (D:7)
  2 ogres (D:5)
  2 centaurs
  A kobold brigand (D:8)
  A phantom (D:5)
  3 weeping skulls (D:7)
  3 bullfrogs
  2 scorpions (D:6)
  7 wights
  4 killer bees (Gauntlet)
  An electric eel (D:7)
  2 howler monkeys (D:6)
  2 bombardier beetles
  2 centaur zombies (D:7)
  A bullfrog zombie (D:7)
  5 hounds
  A human zombie (D:7)
  2 gnoll boudas
  6 orc priests
  A jelly (D:5)
  A sleepcap (D:7)
  An iguana (D:5)
  5 orc wizards
  A mummy (D:7)
  Robin (D:2)
  12 gnolls
  3 adders
  A shadow imp (D:6)
  6 ufetubi
  2 dart slugs (D:2)
  16 orcs
  6 ball pythons
  4 bats
  2 endoplasms
  15 goblins
  12 hobgoblins
  12 kobolds
  5 quokkas
  4 frilled lizards
  4 rats
183 creatures vanquished.

Notes
Turn   | Place    | Note
-------+----------+-------------------------------------------
     0 | D:1      | Shayle the Coglin Alchemist began the quest for the Orb.
     0 | D:1      | Reached XP level 1. HP: 13/13 MP: 3/3
    81 | D:1      | Reached skill level 1 in Conjurations
   102 | D:1      | Reached XP level 2. HP: 19/19 MP: 4/4
   110 | D:1      | Found a faded altar of an unknown god.
   493 | D:2      | Noticed Robin
   733 | D:2      | Reached XP level 3. HP: 23/24 MP: 6/6
   974 | D:3      | Reached skill level 1 in Evocations
  1765 | D:2      | Reached XP level 4. HP: 27/30 MP: 5/7
  1840 | D:2      | Reached skill level 1 in Staves
  1881 | D:2      | Killed Robin
  2498 | D:4      | Found Buonaby's General Store.
  2507 | D:4      | Bought a scroll of identify for 26 gold pieces
  2508 | D:4      | Bought a scroll of fog for 52 gold pieces
  2665 | D:4      | Reached skill level 2 in Evocations
  2760 | D:4      | Found a broken altar of Ashenzari.
  2769 | D:4      | Became a worshipper of Ashenzari the Shackled
  2836 | D:4      | Found a radiant altar of Vehumet.
  3312 | D:5      | Entered Level 5 of the Dungeon
  3355 | D:5      | Reached XP level 5. HP: 35/35 MP: 4/8
  3392 | D:5      | Found a hide-covered altar of Uskayaw.
  3455 | D:5      | Identified a scroll of acquirement
  3455 | D:5      | Acquired a +1 demon trident of electrocution
  3492 | D:5      | You fall into a shaft and drop 3 floors!
  3711 | D:8      | Reached skill level 3 in Evocations
  3711 | D:8      | Reached XP level 6. HP: 32/41 MP: 9/9
  3896 | D:8      | Noticed a water moccasin
  3904 | D:8      | Learned a level 3 spell: Mephitic Cloud
  3919 | D:8      | Killed a water moccasin
  3920 | D:8      | Reached skill level 4 in Evocations
  3920 | D:8      | Reached XP level 7. HP: 26/46 MP: 10/10
  4271 | D:7      | HP: 2/43 [wight/+4 trident (7)]
  4370 | D:7      | Found a glowing silver altar of Zin.
  4377 | D:7      | Found a shadowy altar of Dithmenos.
  4382 | D:7      | Noticed a wyvern
  4423 | D:7      | Found an ancient bone altar of Kikubaaqudgha.
  4561 | D:5      | Found a shimmering altar of Xom.
  4605 | D:5      | Reached skill level 5 in Evocations
  4729 | D:5      | Reached XP level 8. HP: 52/52 MP: 1/11
  5261 | D:5      | Identified the amulet of Perph {Regen+ Int+7}
  5618 | D:6      | Reached skill level 6 in Evocations
  5709 | D:6      | Noticed Maggie
  5728 | D:6      | Killed Maggie
  5729 | D:6      | Reached skill level 1 in Polearms
  5729 | D:6      | Reached skill level 5 in Dodging
  5845 | D:6      | Found an opulent altar of Gozag.
  5930 | D:6      | Reached XP level 9. HP: 57/57 MP: 12/12
  5982 | D:6      | Found a staircase to the Ecumenical Temple.
  5996 | Temple   | Entered the Ecumenical Temple
  6519 | D:6      | Reached skill level 5 in Conjurations
  6890 | D:7      | Found a stormy altar of Qazlal.
  6937 | D:7      | Reached skill level 7 in Evocations
  7204 | D:7      | Found the +5 robe of Misfortune {Harm *Corrode *Slow EV+5}
  7219 | D:7      | Learned a level 4 spell: Sticky Flame
  7285 | D:7      | Noticed Jeremiah
  7331 | D:7      | Killed Jeremiah
  7518 | D:7      | Reached skill level 5 in Staves
  7624 | D:7      | Reached * piety under Ashenzari
  7624 | D:7      | Reached ** piety under Ashenzari
  7921 | D:7      | Reached skill level 5 in Alchemy
  7924 | D:7      | Found a basalt altar of Yredelemnul.
  7968 | D:7      | Reached skill level 1 in Fire Magic
  8344 | D:8      | Reached XP level 10. HP: 57/63 MP: 4/13
  8451 | D:8      | Found a glowing golden altar of the Shining One.
  9203 | D:9      | Found a staircase to the Lair.
  9222 | D:9      | Reached skill level 8 in Evocations
  9568 | D:9      | Noticed a two-headed ogre
  9578 | D:9      | Killed a two-headed ogre
 10108 | D:10     | Entered Level 10 of the Dungeon
 10139 | Lair:1   | Entered Level 1 of the Lair of Beasts
 10149 | Lair:1   | Noticed a black mamba
 10157 | Lair:1   | Killed a black mamba
 10244 | Lair:1   | Found a gate leading to a gauntlet.
 10252 | Gauntlet | Entered a Gauntlet
 10252 | Gauntlet | Found a transporter.
 10252 | Gauntlet | Found a transporter.
 10254 | Gauntlet | Found a transporter.
 10254 | Gauntlet | Found a transporter.
 10254 | Gauntlet | Noticed an ice statue
 10258 | Gauntlet | Found a transporter.
 10258 | Gauntlet | Found a transporter.
 10284 | Gauntlet | Found a runed translucent door.
 10284 | Gauntlet | Found a runed translucent door.
 10288 | Gauntlet | Found a transporter.
 10288 | Gauntlet | Noticed an oklob plant
 10292 | Gauntlet | Found a transporter.
 10296 | Gauntlet | Noticed a death drake
 10298 | Gauntlet | Noticed a spectral centaur warrior
 10300 | Gauntlet | Found a transporter.
 10302 | Gauntlet | Identified the +2 helmet of Untruth {rN++}
 10313 | Gauntlet | Noticed a death scarab
 10313 | Gauntlet | Noticed a death scarab
 10316 | Gauntlet | Found a transporter.
 10322 | Gauntlet | Noticed a spectral death yak
 10324 | Gauntlet | Noticed a spectral seven-headed hydra
 10330 | Gauntlet | Found a transporter.
 10334 | Gauntlet | Found a transporter.
 10439 | Gauntlet | Killed from afar by a laughing skull

Illustrated notes

Levels and vault maps discovered:
D:1:      minmay_arrival_loop, layout_rooms,
          chequers_ecumenical_altar_simple_redux
D:2:      cheibrodos_old_hovel, layout_basic,
          nicolae_concentric_dashed_squares_wild, uniq_robin
D:3:      layout_basic
D:4:      layout_basic, fiery_altar_vehumet, mainiacjoe_overflow_alcove_4,
          serial_shops, nicolae_shop_tiny_waterfront
D:5:      layout_loops_ring, kennysheep_mini, mainiacjoe_overflow_cross_hatched
D:6:      layout_layer_cave, lemuel_doored_altar,
          minmay_temple_entry_proselytizer, uniq_maggie
D:7:      layout_loops_cross, nicolae_kikubaaqudgha_miasma_corner,
          lemuel_mausoleum_altar_yredelemnul, marbit_many_paths,
          mainiacjoe_overflow_catch_the_wave, uniq_jeremiah
D:8:      nicolae_cairo_tiling, layout_layer_cave, tso_metal_star
D:9:      layout_basic, dpeg_oklobed_lair
D:10:     layout_loops_ring, david_orc_5
Temple:   chequers_temple_sunken
Lair:1:   layout_chaotic_city, gauntlet_entry_generic, gammafunk_ghost_split,
          st_stairs_3, grunt_megastairs_3
Gauntlet: minmay_gauntlet_77_indecision [minmay_gauntlet_arena_77_squiggly,
          minmay_gauntlet_arena_77_two_paths, minmay_gauntlet_arena_77_braids,
          minmay_gauntlet_arena_77_shame_cube,
          minmay_gauntlet_arena_77_block_sizes,
          minmay_gauntlet_arena_77_broken_ladder,
          nicolae_gauntlet_exit_dead_adventurers]

Skill      XL: |  1  2  3  4  5  6  7  8  9 10 |
---------------+-------------------------------+-----
Conjurations   | 1 2 3 4 5 6 |  6.2
Dodging        | 2 3 4 5 6 |  6.5
Spellcasting   | 2 |  2.1
Evocations     | 1 2 3 4 5 6 7 8 |  8.7
Staves         | 1 2 3 4 5 6 |  6.0
Polearms       | 1 2 4 |  4.1
Stealth        | 2 3 4 |  4.4
Alchemy        | 4 5 6 |  6.1
Fire Magic     | 1 2 |  2.8
Fighting       | |  0.2

Action                     |  1- 3 |  4- 6 |  7- 9 | 10-12 || total
---------------------------+-------+-------+-------+-------++-------
  Melee: Hand axe          |    14 |       |       |       ||    14
         Dagger            |    39 |    17 |       |       ||    56
         Staff             |    33 |    47 |   221 |    70 ||   371
         Demon trident     |       |    34 |   244 |    87 ||   365
   Cast: Sting             |    38 |    33 |       |       ||    71
         Mephitic Cloud    |       |       |    16 |    12 ||    28
         Sticky Flame      |       |       |       |     9 ||     9
 Invoke: Curse Item        |       |       |     2 |     1 ||     3
  Evoke: Wand              |       |     2 |     8 |     2 ||    12
    Use: Scroll            |       |    12 |     3 |     1 ||    16
         Potion            |       |     1 |     2 |     2 ||     5
   Stab: Sleeping          |     1 |       |     9 |     2 ||    12
         Confused          |       |       |    17 |     9 ||    26
         Paralysed         |       |       |       |     3 ||     3
 Armour: Robe              |    32 |    23 |   124 |    45 ||   224
  Dodge: Dodged            |    42 |    30 |   169 |    47 ||   288

Table legend: (Time is in decaauts)
 A = Elapsed time spent in this place.
 B = Non-inter-level travel time spent in this place.
 C = Inter-level travel time spent in this place.
 D = Time resting spent in this place.
 E = Time spent auto-exploring this place.
 F = Levels seen in this place.
 G = Mean time per level.
                   A        B        C        D        E       F      G
               +--------+--------+--------+--------+--------+-----+--------+
         Total |  10479 |  10181 |    298 |   2129 |   5575 |  13 |  806.1 |
       Dungeon |  10178 |   9880 |    298 |   2047 |   5575 |  10 | 1017.8 |
        Temple |      1 |      1 |      0 |      0 |      0 |   1 |    1.0 |
          Lair |    112 |    112 |      0 |     57 |      0 |   1 |  112.0 |
      Gauntlet |    186 |    186 |      0 |     25 |      0 |   1 |  186.0 |
               +--------+--------+--------+--------+--------+-----+--------+

Top non-repeatable levels by time:
     D:7: 1715 daAuts
     D:6: 1622 daAuts
     D:8: 1599 daAuts
     D:2: 1002 daAuts
     D:5: 961 daAuts
     D:9: 946 daAuts
     D:3: 923 daAuts
     D:4: 826 daAuts
     D:1: 569 daAuts
Gauntlet: 186 daAuts
  Lair:1: 112 daAuts
    D:10: 11 daAuts
  Temple: 1 daAuts
